Unix NetHack Version 5.0.0-0 post-release - last build May 10 2026 23:12:36 (d1fa5d53e341ca933230fdaa984d921c805b60aa,branch:main).

Game began 2026-05-14 01:31:18, ended 2026-05-14 21:30:31.

DeathOnAStick, neutral male human Tourist

                    #        ###############          #   #
   ------    -------#-########   #---------#     -----------
   |....+####........|#          #|       |#     |         |
   |....|####|<......|#          #|       |#     |         |
   |....-#  #|.......|#        ###.       |#     |         .####
   |....|   #------+--#       ## #|       |######+         |   # ---------
   ---|--   ######################|       |      -------.---   # |       |
     ##         ####          #   |       |          ####      ##.     \ |
     #          #           ###   ---------         ##           |       |
     #       ##########################            ##            ---------
    ###      #-.------  #####         ###########  #
  --.---     #|.%....|###                       ####
  |....|     #|..(...@q                       #### #
  |.....######|......|                 -------.----.---
  |....|      --------                 |              |
  ------                               |>             |
                                       |              |
                                       ------------.---
                                                   #
DeathOnAStick the Sightseer  St:14 Dx:12 Co:13 In:11 Wi:10 Ch:15  Neutral S:1400
Dlvl:5  $:0  HP:0(26) Pw:19(19) AC:9  Xp:4/152 T:1548 

Latest messages:
 You put a credit card into the bag.
 You hear the tones of courtly conversation.
 What do you want to wield? [- a or ?*] a
 You have 8 darts readied.  Wield one? [ynq] (q) q
 You see here a chest.
 Hmmm, the chest turns out to be locked.
 Unlock it with your credit card? [ynq] (q) y
 You stop picking the lock.
 In what direction? y
 The dart hits the werejackal!
 In what direction? y
 You kill the werejackal!
 You see here a werejackal corpse.
 There is a doorway here.
 You see here a +2 dart.
 a - a +2 dart (at the ready) (7 in total).
 You see here a werejackal corpse.
 You see here a locked chest.
 The chest is locked.
 Unlock it with your credit card? [ynq] (q) y
 You succeed in picking the lock.
 In what direction? <esc>
 Never mind.
 e - a potion of healing.
 You see here a leash.
 h - a leash.
 You see here a milky potion.
 j - a milky potion.
 The door opens.
 The rothe hits!
 The rothe bites!
 The rothe bites again!
 In what direction? l
 The dart hits the rothe.
 In what direction? l
 The dart hits the rothe.
 The rothe hits!
 The rothe bites!
 The rothe bites again!
 In what direction? l
 The dart misses the rothe.
 The rothe hits!
 The rothe bites!
 The rothe bites again!
 You die...
 Do you want your possessions identified? [ynq] (y) y
 Do you want to see your attributes? [ynq] (y) y
 Do you want an account of creatures vanquished? [ynaq] (y) y
 Do you want to see your conduct and achievements? [ynq] (y) y
 Do you want to see the dungeon overview? [ynq] (y) y

Inventory:
 Amulets  ('"')
  n - an uncursed amulet of magical breathing (being worn)
 Weapons  (')')
  a - 4 +2 darts (at the ready)
 Armor    ('[')
  i - an uncursed +1 Hawaiian shirt with a giant eel motif (being worn)
 Comestibles  ('%')
  K - an uncursed cram ration
  D - an uncursed cream pie
  b - 3 uncursed food rations
  d - 2 uncursed pancakes
  c - 3 uncursed tripe rations
  H - an uncursed lichen corpse
 Scrolls  ('?')
  u - an uncursed scroll of stinking cloud
  s - 2 uncursed scrolls of teleportation
 Potions  ('!')
  j - an uncursed potion of confusion
  g - 2 uncursed potions of extra healing
  e - an uncursed potion of healing
 Tools    ('(')
  f - an uncursed bag of holding containing 6 items
  x - an uncursed credit card
  v - an expensive camera (0:87)
  h - an uncursed leash

Contents of the bag of holding:
  1397 gold pieces
  6 +0 crossbow bolts
  a blessed +0 dart
  an uncursed spellbook of force bolt
  an uncursed potion of healing
  an uncursed credit card

DeathOnAStick the Tourist's attributes:

Background:
 You were a Sightseer, a level 4 male human Tourist.
 You were neutral, on a mission for The Lady
 who was opposed by Blind Io (lawful) and Offler (chaotic).
 You were right-handed.
 You were in the Dungeons of Doom, on level 5.
 You entered the dungeon 1548 turns ago.
 You had 152 experience points, 8 more were needed to attain level 5.
 Your score was 1400 before end-of-game adjustments.

Basics:
 You had 0 out of 26 hit points.
 You had all 19 energy points (spell power).
 Your armor class was 9.
 Your wallet was empty, but
 you had 1397 zorkmids stashed away in your pack.
 Autopickup was off.

Final Characteristics:
 Your strength was 14 (limit:18/100).
 Your dexterity was 12 (limit:18).
 Your constitution was 13 (limit:18).
 Your intelligence was 11 (limit:18).
 Your wisdom was 10 (limit:18).
 Your charisma was 15 (limit:18).

Final Status:
 You weren't hungry.
 You were unencumbered.
 You were bare handed.
 You were unskilled in bare handed combat.

Final Attributes:
 You were devoutly aligned.
 You could survive without air.
 You are dead.

Miscellaneous:
 You didn't encounter any bones levels.
 Total elapsed playing time was 18 minutes and 14 seconds.

Major events:
 Turn
    1: DeathOnAStick the neutral male human Tourist entered the dungeon
  299: read a Discworld novel
  691: attained the rank of Sightseer (level 3)
 1076: entered the Gnomish Mines
 1548: killed by a rothe

You didn't know any spells.

Skills:
 Fighting Skills
   bare handed combat [Unskilled]
   two weapon combat  [Unskilled]
   riding             [Unskilled]
 Weapon Skills
   dagger             [Unskilled]
   knife              [Unskilled]
   axe                [Unskilled]
   pick-axe           [Unskilled]
   short sword        [Unskilled]
   broadsword         [Unskilled]
   long sword         [Unskilled]
   two-handed sword   [Unskilled]
   saber              [Unskilled]
   mace               [Unskilled]
   morning star       [Unskilled]
   flail              [Unskilled]
   hammer             [Unskilled]
   quarterstaff       [Unskilled]
   polearms           [Unskilled]
   spear              [Unskilled]
   trident            [Unskilled]
   lance              [Unskilled]
   bow                [Unskilled]
   sling              [Unskilled]
   crossbow           [Unskilled]
   dart               [Basic]
   shuriken           [Unskilled]
   boomerang          [Unskilled]
   whip               [Unskilled]
   unicorn horn       [Unskilled]
 Spellcasting Skills
   divination spells  [Unskilled]
   enchantment spells [Unskilled]
   escape spells      [Unskilled]

Voluntary challenges:
 Character rerolling was not enabled.
 You never hit with a wielded weapon.
 You never genocided any monsters.
 You never polymorphed an object.
 You never changed form.
 You used no wishes.
Achievements:
 You entered a shop.
 You read from a Discworld novel.
 You attained the rank of Sightseer.
 You entered the Gnomish Mines.

 The Dungeons of Doom: levels 1 to 5
    Level 1:
       An altar.
    Level 2:
       A scroll shop, a fountain.
    Level 3:
    Level 4:
       A fountain.
       Stairs down to The Gnomish Mines.
    Level 5: <- You were here.
       A throne.
       Final resting place for
          you, killed by a rothe.
 The Gnomish Mines:
    Level 5:


Vanquished creatures:
  a straw golem
  a little dog
  a floating eye
  a homunculus
  a giant bat
  a werejackal
 an iguana
  a coyote
  a hobbit
  a large kobold
  a gnome
  a gecko
  a jackal
  a sewer rat
  8 grid bugs
  2 lichens
  2 kobold zombies
  2 newts
28 creatures vanquished.

No species were genocided or became extinct.

Game over:
                       ----------
                      /          \
                     /    REST    \
                    /      IN      \
                   /     PEACE      \
                  /                  \
                  |  DeathOnAStick   |
                  |     1397 Au      |
                  |   killed by a    |
                  |      rothe       |
                  |                  |
                  |                  |
                  |       2026       |
                 *|     *  *  *      | *
        _________)/\\_//(\/(/\)/\//\/|_)_______

Aloha DeathOnAStick the Tourist...

You died in The Dungeons of Doom on dungeon level 5 with 1343 points,
and 1397 pieces of gold, after 1548 moves.
You were level 4 with a maximum of 26 hit points when you died.

